Map: Dusk Towers

Players

SatO - Winner!

  • Race: Protoss Protoss
  • League: Master

Miszu

  • Race: Terran Terran
  • League: Master

VOD

Have the link to the VOD?

Description

Time

  • Played on: March 30, 2016, 4:05 p.m.
  • Length: 10:48
Show
View Real Time Build Order
Export as new Build Order

SatO Protoss - Winner!

Build Orders: 1 Gate Expand, Oracle Opening, Zealot Archon 

Get SALT Encoding   

  12  0:01  Probe (Chrono Boost)  
  13  0:12  Probe (Chrono Boost)  
  14  0:18  Pylon  
  14  0:23  Probe (Chrono Boost)  
  15  0:36  Gateway, Probe (Chrono Boost)  
  16  0:46  Probe (Chrono Boost)  
  16  0:48  Assimilator  
  17  0:57  Probe (Chrono Boost)  
  18  1:08  Probe (Chrono Boost)  
  19  1:17  Nexus  
  19  1:27  Cybernetics Core  
  19  1:31  Probe (Chrono Boost)  
  20  1:35  Assimilator  
  20  1:41  Probe (Chrono Boost)  
  20  1:45  Pylon  
  21  1:52  Probe (Chrono Boost)  
  22  2:04  Mothership Core (Chrono Boost)  
  22  2:05  Adept  
  26  2:22  Warp Gate, Probe (Chrono Boost)  
  28  2:30  Probe (Chrono Boost)  
  28  2:33  Probe (Chrono Boost)  
  29  2:40  Probe (Chrono Boost)  
  29  2:43  Probe (Chrono Boost)  
  31  2:49  Stargate  
  31  2:51  Probe (Chrono Boost)  
  32  2:54  Probe (Chrono Boost)  
  32  2:56  Assimilator  
  33  3:00  Stalker  
  33  3:01  Probe (Chrono Boost)  
  33  3:03  Pylon  
  33  3:05  Probe (Chrono Boost)  
  37  3:12  Probe (Chrono Boost)  
  38  3:15  Probe (Chrono Boost)  
  39  3:22  Probe (Chrono Boost)  
  39  3:25  Gateway, Probe (Chrono Boost)  
  39  3:26  Gateway  
  41  3:32  Probe (Chrono Boost)  
  41  3:33  Oracle (Chrono Boost)  
  45  3:36  Probe  
  46  3:42  Assimilator  
  46  3:43  Probe  
  47  3:49  Probe  
  47  3:50  Robotics Facility  
  47  3:53  Probe  
  49  3:56  Pylon  
  49  4:01  Probe  
  50  4:04  Probe  
  51  4:11  Oracle (Chrono Boost)  
  51  4:16  Probe  
  52  4:17  Probe  
  54  4:26  Probe  
  54  4:28  Forge  
  54  4:29  Probe  
  56  4:34  Nexus  
  56  4:37  Probe  
  57  4:48  Probe  
  57  4:51  Probe  
  59  4:54  Pylon  
  59  4:56  Pylon  
  59  4:57  Observer (Chrono Boost)  
  59  4:58  Pylon  
  60  5:01  Probe  
  60  5:05  Probe  
  62  5:09  Protoss Ground Weapons Level 1 (Chrono Boost)  
  62  5:14  Immortal (Chrono Boost)  
  62  5:15  Probe  
  62  5:17  Probe  
  68  5:27  Probe  
  69  5:28  Twilight Council  
  69  5:29  Probe  
  70  5:36  Gateway  
  70  5:39  Gateway, Probe  
  70  5:41  Probe  
  72  5:42  Pylon  
  72  5:45  Pylon  
  72  5:47  Stalker  
  72  5:48  Stalker x2  
  78  5:52  Immortal, Probe  
  84  5:57  Probe  
  84  6:00  Probe  
  85  6:05  Probe  
  85  6:09  Probe  
  85  6:10  Charge (Chrono Boost)  
  87  6:12  Probe  
  87  6:15  Pylon  
  87  6:17  Pylon, Probe  
  89  6:20  Gateway  
  89  6:23  Probe  
  89  6:24  Probe  
  91  6:26  Assimilator  
  91  6:29  Probe  
  91  6:30  Gateway, Immortal  
  91  6:31  Assimilator  
  92  6:37  Probe  
  92  6:38  Probe  
  98  6:46  Protoss Ground Weapons Level 2 (Chrono Boost)  
  95  6:50  Oracle, Probe  
  95  6:51  Probe  
  100  6:59  Templar Archives  
  100  7:03  Zealot x5  
  100  7:07  Pylon  
  100  7:08  Pylon  
  110  7:10  Immortal  
  110  7:12  Gateway  
  110  7:15  Gateway  
  114  7:37  High Templar x2  
  114  7:38  High Templar x4, Nexus  
  114  7:41  Photon Cannon x2  
  114  7:43  Archon x3  
  126  7:44  Zealot  
  126  7:48  Pylon  
  126  7:51  Pylon  
  128  7:53  Immortal  
  132  8:03  Nexus  
  132  8:05  Pylon  
  132  8:12  Zealot x6  
  144  8:13  Protoss Air Weapons Level 1  
  141  8:27  Stargate  
  141  8:29  Stargate  
  141  8:30  Fleet Beacon  
  141  8:31  Immortal  
  141  8:40  High Templar x2  
  149  8:52  Photon Cannon  
  149  8:56  High Templar x2  
  149  8:58  Zealot x5  
  149  9:00  Archon x2  
  160  9:19  Tempest x2  
  160  9:22  Zealot x6  
  178  9:37  Mothership Core  
  178  9:43  Tempest  
  182  9:50  Zealot x9  
  200  9:56  Observer  
  199  10:26  Pylon  
  135  10:47  Stalker x7  
Show
View Real Time Build Order
Export as new Build Order

Miszu Terran 

Build Orders: Reaper Expand, Mech 

Get SALT Encoding   

  12  0:00  SCV  
  13  0:12  SCV  
  14  0:19  Supply Depot  
  14  0:24  SCV  
  15  0:41  SCV  
  16  0:43  Barracks  
  16  0:46  Refinery  
  16  0:53  SCV  
  17  1:05  SCV  
  18  1:21  SCV  
  19  1:31  Reaper  
  20  1:33  Orbital Command  
  20  1:39  Command Center  
  20  1:51  Supply Depot  
  20  1:59  SCV  
  21  2:03  Refinery  
  21  2:06  Barracks Reactor  
  21  2:11  SCV  
  22  2:23  SCV  
  22  2:28  Factory  
  23  2:35  SCV  
  23  2:46  Marine x2  
  23  2:47  SCV  
  26  2:53  Orbital Command  
  26  2:59  SCV  
  26  3:04  Marine x2  
  29  3:11  SCV  
  30  3:13  Factory, Factory Tech Lab  
  30  3:18  SCV  
  31  3:22  Marine x2  
  31  3:24  SCV  
  34  3:33  Cyclone  
  37  3:35  SCV  
  37  3:36  SCV  
  37  3:39  Supply Depot  
  39  3:48  SCV  
  40  3:49  Command Center, SCV  
  41  4:00  SCV  
  41  4:02  SCV  
  43  4:06  Refinery x2, Cyclone  
  46  4:12  SCV  
  51  4:17  Hellion x2  
  51  4:22  SCV  
  53  4:24  SCV  
  53  4:26  Factory  
  53  4:34  SCV  
  54  4:40  SCV  
  54  4:50  Supply Depot  
  54  4:53  SCV x2  
  54  4:57  Armory  
  54  4:58  Armory  
  54  5:02  Orbital Command  
  54  5:04  Siege Tank  
  54  5:05  SCV x2  
  58  5:16  Supply Depot  
  58  5:18  SCV x2  
  58  5:19  Factory Tech Lab  
  60  5:21  Hellion  
  60  5:25  Hellion  
  60  5:28  Orbital Command  
  64  5:30  SCV  
  65  5:36  Siege Tank  
  65  5:37  SCV  
  69  5:45  SCV  
  69  5:48  Engineering Bay  
  69  5:49  Siege Tank  
  71  5:51  SCV  
  71  5:53  Terran Vehicle Weapons Level 1  
  71  5:54  Terran Vehicle And Ship Armor Level 1  
  71  5:57  SCV  
  73  5:58  Hellion x2, SCV  
  73  6:03  SCV  
  79  6:07  Starport  
  79  6:09  SCV  
  79  6:10  SCV  
  81  6:12  Siege Tank  
  81  6:14  Barracks Reactor  
  81  6:15  SCV  
  85  6:24  Missile Turret  
  85  6:26  Missile Turret  
  85  6:28  Missile Turret  
  85  6:31  Supply Depot  
  85  6:33  Siege Tank, SCV x3  
  85  6:36  Supply Depot  
  91  6:45  SCV x3  
  93  6:53  Siege Tank  
  96  6:58  SCV x3  
  96  6:59  Factory, Refinery x2  
  96  7:00  Factory  
  99  7:01  Supply Depot  
  99  7:04  Hellion  
  99  7:07  Siege Tank  
  104  7:10  SCV  
  104  7:14  Ghost Academy  
  104  7:15  Barracks Tech Lab  
  105  7:16  Hellion  
  105  7:20  SCV  
  105  7:21  SCV  
  109  7:23  SCV  
  109  7:29  Missile Turret  
  110  7:30  Missile Turret  
  110  7:31  Siege Tank  
  110  7:32  SCV  
  110  7:33  Hellion, SCV  
  117  7:38  Infernal Pre-Igniter  
  117  7:44  Factory Tech Lab x2  
  117  7:53  Terran Vehicle And Ship Armor Level 2  
  117  7:58  Supply Depot  
  117  7:59  Supply Depot  
  117  8:02  Supply Depot  
  117  8:03  Supply Depot  
  117  8:19  Siege Tank, Ghost  
  122  8:22  Siege Tank x2  
  122  8:23  Terran Vehicle Weapons Level 2  
  122  8:25  Hellion x2  
  122  8:26  Hellion  
  134  8:30  Supply Depot, Command Center  
  134  8:34  Supply Depot  
  134  8:40  Medivac  
  136  8:47  Siege Tank  
  139  8:49  Hellion x2  
  139  8:51  Siege Tank  
  146  8:59  Starport  
  146  9:00  Supply Depot, Starport  
  146  9:01  Supply Depot  
  146  9:02  Siege Tank  
  149  9:13  Siege Tank  
  149  9:14  Hellion x2  
  156  9:22  Siege Tank  
  159  9:27  Widow Mine  
  161  9:40  Siege Tank  
  161  9:41  Hellion x2  
  161  9:42  Starport Tech Lab  
  161  9:43  Starport Tech Lab  
  161  9:45  Siege Tank, Command Center  
  171  9:54  Refinery  
  171  9:55  Hellion  
  171  9:56  Refinery  
  173  10:05  Viking x2  
  173  10:06  Viking x2  
  181  10:10  Hellion  
  183  10:20  Hellion  
Tags
 
Add a new tag
Caveats
  • Supply blocks, unpowered buildings, or Contaminate may cause inaccurate times.
  • Supply counts are checked every 10 seconds.